 Dungeon Crawl Stone Soup version 0.17-a0-1939-ga475588 (webtiles) character file.

14240 Conn321 the Protected (level 11, -3/95 HPs)
             Began as a Minotaur Gladiator on Sept 29, 2015.
             Was a High Priest of Qazlal.
             Slain by an orc warrior
             ... wielding a +1 glaive of freezing
              (18 damage)
             ... on level 4 of the Orcish Mines.
             The game lasted 00:55:00 (12434 turns).

Conn321 the Protected (Minotaur Gladiator)         Turns: 12434, Time: 00:55:00

Health: -3/95      AC: 22    Str: 25    XL:     11   Next: 86%
Magic:  10/10      EV: 12    Int:  5    God:    Qazlal [*****.]
Gold:   974        SH: 19    Dex: 12    Spells: 0 memorised, 10 levels left

rFire  . . .     SeeInvis .     F - +10 hand axe of Pride {chop, +Inv Str+3 Stlth-}
rCold  . . .     Clarity  .     H - +1 plate armour {rPois}
rNeg   . . .     SustAt   .     f - +0 shield (curse)
rPois  +         Gourm    .     c - +0 hat
rElec  .         Spirit   .     (no cloak)
rCorr  .         Warding  .     Z - +2 pair of gloves
rMut   .         Stasis   .     d - +1 pair of boots
MR     +....                    (no amulet)
Stlth  ..........               S - +2 ring of evasion
                                t - +2 ring of slaying

@: repel missiles, somewhat resistant to hostile enchantments, extremely
unstealthy
A: retaliatory headbutt, horns 2, magic resistance 1
a: Upheaval, Elemental Force, Disaster Area, Renounce Religion, Evoke
Invisibility


You were on level 4 of the Orcish Mines.
You worshipped Qazlal.
Qazlal was extremely pleased with you.
You were hungry.

You visited 3 branches of the dungeon, and saw 15 of its levels.

You collected 1504 gold pieces.
You spent 530 gold pieces at shops.

Inventory:

Hand weapons
 D - a +0 hand crossbow
 F - the +10 hand axe of Pride (weapon) {chop, +Inv Str+3 Stlth-}
   (You bought it in a shop on level 10 of the Dungeon)

   It inflicts extra damage upon your enemies.
   It affects your strength (+3).
   It lets you turn invisible.
   It makes you less stealthy.
 J - a +0 shortbow
 X - a +0 blowgun
Missiles
 b - 9 arrows of flame
 g - 38 sling bullets
 i - 15 bolts
 j - 43 tomahawks
 n - 117 arrows
 s - 7 bolts of frost
 w - 224 stones
 z - 37 poisoned needles
 E - 16 silver bolts
 L - 8 sling bullets of frost
 O - 6 arrows of dispersal
 R - 8 poisoned tomahawks (quivered)
Armour
 c - a +0 hat (worn)
 d - a +1 pair of boots (worn)
 f - a cursed +0 shield (worn)
 v - a +0 chain mail of fire resistance
 H - a +1 plate armour of poison resistance (worn)
 P - a +0 scale mail of magic resistance
 T - a +3 plate armour of cold resistance
 Z - a +2 pair of gloves (worn)
Jewellery
 t - a +2 ring of slaying (left hand)
 S - a +2 ring of evasion (right hand)
Magical devices
 h - a wand of fireball (6)
 u - a wand of disintegration (13)
 y - a wand of polymorph (24)
 B - a wand of teleportation (4)
 N - a wand of enslavement (5)
 W - a wand of slowing (21)
Scrolls
 k - 3 scrolls of remove curse
 o - 4 scrolls of fog
 r - a scroll of acquirement {unknown}
 x - a scroll of teleportation
 C - 2 scrolls of magic mapping
 M - 3 scrolls of recharging
Potions
 a - a potion of brilliance
 p - 2 potions of flight
 K - a potion of invisibility
 U - 2 potions of might
Books
 Q - a book of Flames

   Spells                             Type                      Level
   a - Flame Tongue                   Conjuration/Fire             1
   b - Throw Flame                    Conjuration/Fire             2
   c - Conjure Flame                  Conjuration/Fire             3
   d - Inner Flame                    Hexes/Fire                   3
   e - Sticky Flame                   Conjuration/Fire             4
   f - Fireball                       Conjuration/Fire             5
Comestibles
 e - 10 bread rations
 l - 8 beef jerkies
 m - 8 meat rations
 G - 3 royal jellies
 V - 7 slices of pizza


   Skills:
 + Level 8.4 Fighting
   Level 3.8 Short Blades
 + Level 10.7 Axes
 + Level 2.8 Throwing
 * Level 11.3 Armour
 + Level 9.1 Dodging
 + Level 3.6 Stealth
 + Level 10.0 Shields
 + Level 0.3 Evocations


You had 10 spell levels left.
You didn't know any spells.

Dungeon Overview and Level Annotations

Branches:
Dungeon (10/15)            Temple (1/1) D:7            Lair (0/8) D:10
    Orc (4/4) D:9             Elf (0/3) Orc:4

Altars:
Ashenzari
Cheibriados
Dithmenos
Elyvilon
Fedhas
Gozag
Kikubaaqudgha
Makhleb
Okawaru
Qazlal
Ru
Sif Muna
Trog
Xom
Yredelemnul
Zin
Beogh

Shops:
D:5 ?   D:7 :   D:10 (   Orc:2 =

Annotations:
D:5 mcbry74's ghost, experienced HaHu


Innate Abilities, Weirdness & Mutations

You reflexively headbutt those who attack you in melee.
You have a pair of horns on your head.
You are resistant to hostile enchantments.


Message History

You hit the orc.
The orc is severely wounded.
You feel less protected from physical attacks.
You block the orc's attack.
Unknown command.
You slash the orc knight! Your headbutt misses the orc knight.
The orc knight is almost dead.
You hit the orc.
You kill the orc!
Qazlal accepts your kill.
You slash the orc priest!
The orc priest is severely wounded.
The orc priest calls down the wrath of Beogh upon you.
Something smites you!
* * * LOW HITPOINT WARNING * * *
The orc knight hits you with a great sword.
* * * LOW HITPOINT WARNING * * *
You block the orc priest's attack.
The orc warrior hits you from afar with a glaive of freezing!!
You die...

................
................
........................
.#......................
........................
........................
...............))§§.....
....#..........oo§o.....
..###..........§@)§.....
...###........).§§§.$...
..#.#.......####.oo.....
>#...#.....## ###oo....
..........## ......
..........# ...o..
#........## #...o.
.#....##.# .#...
.....##..#


You could see an orc knight, an orc warrior (frenzied), 3 orc priests, an orc
wizard (frenzied) and 3 orcs.

Vanquished Creatures
  Snorg (D:10)
  Erica (D:9)
  An orc knight (Orc:2)
  2 orc sorcerers
  The ghost of mcbry74 the Slinger, an experienced HaHu (D:6)
  3 trolls
  3 two-headed ogres
  Prince Ribbit (D:7)
  4 yaks (D:10)
  A human (D:7)
  A hippogriff (D:9)
  Menkaure (D:4)
  A warg (Orc:4)
  3 hungry ghosts
  2 water moccasins
  5 ice beasts
  20 orc warriors
  A black bear (D:10)
  12 ogres
  A necrophage (D:8)
  A wasp (D:7)
  A centaur (D:6)
  2 gnoll sergeants
  5 giant frogs
  2 water moccasin skeletons
  2 scorpions
  5 wights (D:8)
  7 killer bees
  A quasit (D:4)
  A giant frog zombie (D:10)
  A jelly (D:9)
  4 crimson imps
  25 orc priests
  A giant frog skeleton (D:4)
  3 hounds
  3 iguanas
  33 orc wizards
  7 worker ants
  Natasha (thrice) (D:4)
  4 sheep (D:7)
  A mummy (D:7)
  A worker ant zombie (D:6)
  24 gnolls
  15 adders
  2 shadow imps
  An ooze (D:2)
  An adder zombie (D:10)
  An adder skeleton (D:5)
  5 giant geckos
  175 orcs
  6 bats
  4 giant cockroaches
  12 hobgoblins
  3 ball pythons
  A ball python skeleton (D:4)
  3 giant newts
  10 goblins
  7 jackals
  A jackal zombie (D:5)
  9 kobolds
  A kobold zombie (D:7)
  An orc zombie (D:7)
  6 quokkas
  2 quokka skeletons
  12 rats
480 creatures vanquished.

Vanquished Creatures (collateral kills)
  A centaur (D:6)
1 creature vanquished.

Vanquished Creatures (others)
  A centaur (D:6)
1 creature vanquished.

Grand Total: 482 creatures vanquished

Notes
Turn   | Place    | Note
--------------------------------------------------------------
     0 | D:1      | Conn321 the Minotaur Gladiator began the quest for the Orb.
     0 | D:1      | Reached XP level 1. HP: 18/18 MP: 0/0
   212 | D:1      | Reached XP level 2. HP: 16/25 MP: 1/1
   375 | D:1      | Reached XP level 3. HP: 6/30 MP: 2/2
   877 | D:2      | Reached skill level 4 in Axes
   879 | D:2      | Reached XP level 4. HP: 26/38 MP: 3/3
   881 | D:2      | Reached skill level 1 in Shields
   912 | D:2      | Reached skill level 1 in Armour
  1474 | D:3      | Reached XP level 5. HP: 45/45 MP: 4/4
  1754 | D:3      | Reached skill level 5 in Axes
  1889 | D:3      | Found a blossoming altar of Fedhas.
  1894 | D:3      | Found a glowing silver altar of Zin.
  1901 | D:3      | Found a basalt altar of Yredelemnul.
  2209 | D:4      | Noticed an ogre
  2215 | D:4      | Killed an ogre
  2215 | D:4      | Reached XP level 6. HP: 46/51 MP: 5/5
  2268 | D:4      | Noticed Menkaure
  2273 | D:4      | Killed Menkaure
  2273 | D:4      | Reached skill level 5 in Dodging
  2300 | D:4      | Noticed Natasha
  2307 | D:4      | Killed Natasha
  2383 | D:4      | Reached XP level 7. HP: 53/59 MP: 6/6
  2404 | D:5      | Entered Level 5 of the Dungeon
  2409 | D:5      | Reached skill level 6 in Axes
  2416 | D:5      | Noticed mcbry74's ghost (experienced HaHu)
  2449 | D:4      | Noticed an ogre
  2605 | D:4      | Reached skill level 1 in Stealth
  2786 | D:4      | Killed an ogre
  2786 | D:4      | Reached skill level 1 in Short Blades
  2932 | D:4      | Noticed an ogre
  2939 | D:4      | Killed an ogre
  2939 | D:4      | Reached skill level 5 in Fighting
  3038 | D:4      | Noticed Natasha
  3041 | D:4      | Killed Natasha
  3041 | D:4      | Reached XP level 8. HP: 68/68 MP: 7/7
  3060 | D:4      | Noticed Natasha
  3067 | D:4      | Killed Natasha
  3251 | D:5      | Reached skill level 5 in Shields
  3419 | D:5      | Reached skill level 7 in Dodging
  3709 | D:5      | Found Lyinar's Magic Scroll Boutique.
  3717 | D:5      | Bought a scroll of fear for 52 gold pieces
  3918 | D:5      | Found a sacrificial altar of Ru.
  4307 | D:6      | Found an opulent altar of Gozag.
  4309 | D:6      | Found a shadowy altar of Dithmenos.
  4718 | D:6      | Killed mcbry74's ghost
  4718 | D:6      | Reached XP level 9. HP: 62/74 MP: 8/8
  5006 | D:6      | Reached skill level 8 in Dodging
  5437 | D:7      | Reached skill level 5 in Armour
  5576 | D:7      | Noticed an angel
  5802 | D:7      | Noticed Prince Ribbit
  5816 | D:7      | Killed Prince Ribbit
  6198 | D:7      | Found a staircase to the Ecumenical Temple.
  6213 | D:7      | Noticed a rust devil
  6343 | D:7      | Reached XP level 10. HP: 76/83 MP: 9/9
  6403 | D:7      | Found Jenuodghu's Book Shop.
  7009 | D:8      | Found a deep blue altar of Sif Muna.
  7095 | D:8      | Gained mutation: You are resistant to hostile enchantments. [potion of beneficial mutation]
  7503 | Temple   | Entered the Ecumenical Temple
  7511 | Temple   | Became a worshipper of Qazlal Stormbringer
  7745 | D:9      | Found a staircase to the Orcish Mines.
  7745 | D:9      | Noticed Erica
  7760 | D:9      | Killed Erica
  7998 | D:9      | Found a roughly hewn altar of Beogh.
  8203 | D:9      | Reached skill level 9 in Dodging
  8302 | D:9      | Acquired Qazlal's first power
  8609 | D:10     | Entered Level 10 of the Dungeon
  8839 | D:10     | Found a staircase to the Lair.
  8921 | D:10     | Reached XP level 11. HP: 92/92 MP: 10/10
  8941 | D:10     | Noticed Snorg
  8981 | D:10     | Killed Snorg
  8981 | D:10     | Reached skill level 10 in Armour
  9359 | D:10     | Found Ympuahust's Antique Weapon Emporium.
  9367 | D:10     | Bought an ivory long sword for 246 gold pieces
  9368 | D:10     | Identified the +3 long sword "Nuleir" {freeze, Str+3} (You bought it in a shop on level 10 of the Dungeon)
  9374 | D:10     | Bought a fine hand axe for 232 gold pieces
  9376 | D:10     | Identified the +10 hand axe of Pride {chop, +Inv Str+3 Stlth-} (You bought it in a shop on level 10 of the Dungeon)
  9769 | Orc:1    | Entered Level 1 of the Orcish Mines
 10065 | Orc:3    | Acquired Qazlal's second power
 10165 | Orc:3    | Found a bloodstained altar of Trog.
 10394 | Orc:3    | Found a roughly hewn altar of Beogh.
 10726 | Orc:2    | Found Vulib's Jewellery Shoppe.
 10756 | Orc:2    | Acquired Qazlal's third power
 11059 | Orc:1    | Noticed an ice devil
 11060 | Orc:1    | Reached skill level 10 in Axes
 11060 | Orc:1    | Reached skill level 11 in Armour
 11063 | Orc:1    | Acquired Qazlal's fourth power
 12116 | Orc:4    | Entered Level 4 of the Orcish Mines
 12119 | Orc:4    | Acquired Qazlal's fifth power
 12137 | Orc:4    | Reached skill level 10 in Shields
 12386 | Orc:4    | Found a staircase to the Elven Halls.
 12434 | Orc:4    | Slain by an orc warrior

Vault maps used:
D:1:      minmay_arrival_split_and_join, hangedman_glass_teeth, hex_tiny,
          minivault_23, st_stairs_14
D:3:      minmay_overflow_temple_star_quad
D:4:      first_bread, uniq_natasha, uniq_menkaure
D:5:      nicolae_ru_great_annihilating_truth, serial_shops, shop_fountains
D:6:      nicolae_whirlpool, nicolae_overflow_hidden_temple,
          kennysheep_generic_room_4
D:7:      temple_garden, serial_shops, shop, nicolae_ossuary_entry_giza,
          grunt_decor_arrowhead, grunt_livestock, uniq_prince_ribbit1
D:8:      led_sif_pool, kennysheep_decorative_pillar, minmay_stone_trees_small,
          minmay_misc_feat_five
D:9:      minmay_orc_entry_temple_small, uniq_erica
D:10:     lair_0_dummy, serial_shops, shop, uniq_snorg
Temple:   nicolae_temple_x_marks_the_god
Orc:1:    guppyfry_library_mini
Orc:2:    serial_shops, shop
Orc:3:    serial_shops, basic_altar, nicolae_orc_pool_cavern, bloody_trog
Orc:4:    grunt_orc_tribal_feast

Action                   |  1- 3 |  4- 6 |  7- 9 | 10-12 || total
-------------------------+-------+-------+-------+-------++-------
Melee: War axe           |    50 |    52 |    86 |   247 ||   435
       Short sword       |       |    47 |   300 |       ||   347
       Long sword        |       |     3 |     7 |       ||    10
       Hand axe          |       |       |       |   290 ||   290
Throw: Throwing net      |       |     2 |     4 |       ||     6
       Stone             |       |       |     5 |       ||     5
       Tomahawk          |       |       |     5 |       ||     5
Evoke: Wand              |       |       |     2 |       ||     2
  Use: Scroll            |       |     7 |     5 |    14 ||    26
       Potion            |       |       |     3 |     5 ||     8
 Stab: Sleeping          |       |     2 |     8 |       ||    10
       Invisible         |       |       |     1 |       ||     1
       Paralysed         |       |       |     1 |       ||     1
  Eat: Chunk             |       |     5 |    14 |    26 ||    45
